Construct Infanterie Kompanie
Infanterie Officer Quarters
Construct Luftwaffe Kompanie
Flak 30 Anti-aircraft Gun Team
Selects Terror Battlegroup
Selects Machine Gun Camouflage
Selects Machine Gun Camouflage
Selects Defend the Fatherland
Selects Machine Gun Camouflage
Selects Defend the Fatherland
Luftwaffe Officer Quarters
Marder III M Tank Destroyer
Selects King Tiger Heavy Tank
Selects Contempt for the Weak